 Dungeon Crawl Stone Soup version 0.23.2-33-g5129a83184 (webtiles) character file.

Game seed: 5197679550412524348

405 redmage the Cleaver (level 6, -3/51 HPs)
             Began as a Minotaur Fighter on June 26, 2019.
             Slain by an orc
             ... wielding a +0 flail
              (9 damage)
             ... on level 4 of the Dungeon.
             The game lasted 00:08:56 (818 turns).

redmage the Cleaver (Minotaur Fighter)               Turns: 818, Time: 00:08:56

Health: -3/51      AC:  8    Str: 27    XL:     6   Next: 56%
Magic:  5/5        EV:  7    Int:  6    God:
Gold:   61         SH: 10    Dex:  9    Spells: 5/5 levels left

rFire    . . .     SeeInvis .   a - +0 war axe
rCold    . . .     Gourm    .   c - +0 shield
rNeg     + . .     Faith    .   b - +0 scale mail
rPois    .         Spirit   .   (helmet restricted)
rElec    .         Reflect  .   (no cloak)
rCorr    .         Harm     .   o - +0 pair of gloves
MR       .....                  (no boots)
Stlth    +.........             r - amulet of magic regeneration
HPRegen  0.17/turn              h - ring of positive energy
MPRegen  0.34/turn              k - ring of stealth

@: mighty
A: retaliatory headbutt, horns 2
a: no special abilities


You were on level 4 of the Dungeon.
You were not hungry.

You visited 1 branch of the dungeon, and saw 4 of its levels.

You collected 61 gold pieces.

Inventory:

Hand Weapons
 a - a +0 war axe (weapon)
Armour
 b - a +0 scale mail (worn)
 c - a +0 shield (worn)
 m - the cursed +0 robe of Ywein {Int+3 Dex+2, unknown}
   (You found it on level 4 of the Dungeon)

   It affects your intelligence (+3).
   It affects your dexterity (+2).
   It has a curse placed upon it.
 o - a +0 pair of gloves (worn)
Jewellery
 h - a ring of positive energy (left hand)
 k - a ring of stealth (right hand)
 r - an amulet of magic regeneration (around neck)
Wands
 l - a wand of random effects (19)
Scrolls
 g - 2 scrolls of fog {unknown}
 j - 4 scrolls of identify {unknown}
 n - a scroll of teleportation {unknown}
Potions
 e - a potion of curing
 i - a potion of invisibility {unknown}
 p - a potion of brilliance {unknown}
 q - a potion of mutation {unknown}
 s - a potion of magic {unknown}
 t - 2 potions of flight {unknown}
Comestibles
 f - 9 rations


   Skills:
 - Level 3.6 Fighting
 * Level 8.6 Axes
 - Level 3.6 Armour
 - Level 3.6 Shields


You had 5 spell levels left.
You didn't know any spells.
Your spell library was empty.

Dungeon Overview and Level Annotations

Branches:
Dungeon (4/15)
 Temple: D:4-7

Altars:

Shops:
D:4 =


Innate Abilities, Weirdness & Mutations

You reflexively headbutt those who attack you in melee.
You have a pair of horns on your head.


Message History

You block the hound's attack.
You closely miss the hound.
The hound is almost dead.
You slash the phantom! The hound bites you but does no damage.
The phantom closely misses you. The hound bites you.
* * * LOW HITPOINT WARNING * * *
You slash the hound!
You kill the hound!
Your shield and scale mail prevent you from hitting the phantom.
The phantom hits you but does no damage.
The phantom barely misses you. You furiously retaliate!
You headbutt the phantom. You hit the orc but do no damage.
Your shield prevents you from hitting the phantom.
The orc hits you but does no damage. The phantom hits you.
* * * LOW HITPOINT WARNING * * *
You closely miss the phantom. You headbutt the phantom!
The phantom is severely damaged.
You hit the orc. The orc hits you with a +0 flail!
You die...

#..###..)###.#.# #
........<......#.#
...........#o....#
#................#
#.....o.......#...#
#.....S.s..#####..#
#####wo#..# ....
###o##### ....
##.#####.W@# ....
........)###
......†### ....%..
....... ..W....
....... .......
.......


You could see a phantom, an adder, a dart slug, 3 orcs and a giant cockroach.

Vanquished Creatures
  A scorpion (D:4)
  2 howler monkeys (D:4)
  A crimson imp (D:3)
  A hound (D:4)
  An orc priest (D:4)
  An orc wizard (D:4)
  A worker ant (D:4)
  7 adders
  An ooze (D:3)
  An adder skeleton (D:4)
  A worm (D:2)
  A dart slug (D:2)
  4 leopard geckos
  6 orcs
  2 ball pythons
  2 giant cockroaches
  4 goblins
  2 hobgoblins (D:1)
  6 jackals
  6 kobolds
  A quokka (D:2)
  3 bats
  6 frilled lizards
  4 rats
65 creatures vanquished.

Notes
Turn   | Place    | Note
-------+----------+-------------------------------------------
     0 | D:1      | redmage the Minotaur Fighter began the quest for the Orb.
     0 | D:1      | Reached XP level 1. HP: 19/19 MP: 0/0
   108 | D:1      | Reached skill level 3 in Axes
   181 | D:1      | Reached XP level 2. HP: 25/26 MP: 1/1
   340 | D:2      | Reached skill level 4 in Axes
   416 | D:2      | Reached XP level 3. HP: 31/31 MP: 2/2
   580 | D:4      | Found Illupp's Jewellery Emporium.
   583 | D:4      | Reached skill level 5 in Axes
   583 | D:4      | Noticed an ice beast
   626 | D:3      | Reached XP level 4. HP: 13/39 MP: 3/3
   638 | D:3      | Reached skill level 6 in Axes
   718 | D:3      | Reached XP level 5. HP: 14/45 MP: 4/4
   773 | D:4      | Noticed a phantom
   780 | D:4      | Got a steaming robe
   796 | D:4      | Reached skill level 7 in Axes
   802 | D:4      | Reached XP level 6. HP: 28/51 MP: 5/5
   805 | D:4      | Reached skill level 8 in Axes
   818 | D:4      | Slain by an orc

Skill      XL: |  1  2  3  4  5  6 |
---------------+-------------------+-----
Axes           | 3 4 5 6 7 8 |  8.6
Fighting       | |  3.6
Armour         | |  3.6
Shields        | |  3.6

Action                   |  1- 3 |  4- 6 || total
-------------------------+-------+-------++-------
Melee: War axe           |    91 |    57 ||   148
       Headbutt          |     8 |     6 ||    14
  Use: Potion            |       |     2 ||     2
       Scroll            |       |     1 ||     1
Armor: Scale mail        |    35 |    28 ||    63
Dodge: Dodged            |    34 |    18 ||    52
Block: Shield            |    52 |    35 ||    87
